 Dungeon Crawl Stone Soup version 0.28.0 (webtiles) character file.

Game seed: 11859765487180952575

142 experimilk the Caller (level 5, -9/35 HPs)
             Began as a Merfolk Summoner on Feb 14, 2022.
             Killed by an exploding themself (16 damage)
             ... ignited by their inner flame
             ... on level 3 of the Dungeon.
             The game lasted 00:17:01 (7364 turns).

experimilk the Caller (Merfolk Summoner)            Turns: 7364, Time: 00:17:01

Health: -9/35      AC:  3    Str:  8    XL:     5   Next: 25%
Magic:  9/9        EV: 13    Int: 17    God:
Gold:   168        SH:  0    Dex: 14    Spells: 0/9 levels left

rFire   . . .      SeeInvis .   n - staff of conjuration
rCold   . . .      Faith    .   (no shield)
rNeg    . . .      Spirit   .   a - +0 robe
rPois   .          Reflect  .   k - +0 helmet
rElec   .          Harm     .   (no cloak)
rCorr   .          Rampage  .   (no gloves)
Will    .....                   (no boots)
Stlth   +.........              (no amulet)
HPRegen 0.11/turn               (no ring)
MPRegen 0.11/turn               (no ring)

@: confused, ambrosia-drunk
A: (nimble swimmer 2), mertail
a: no special abilities


You were on level 3 of the Dungeon.
You visited 1 branch of the dungeon, and saw 3 of its levels.

You collected 168 gold pieces.

Inventory:

Hand Weapons
 c - a +1 rapier
 d - a +0 short sword
 m - a +0 hand axe of electrocution
Armour
 a - a +0 robe (worn)
 k - a +0 helmet (worn)
Magical Staves
 n - a staff of conjuration (weapon)
Scrolls
 j - a scroll of identify
 l - a scroll of magic mapping {unknown}
Potions
 e - a potion of mutation {unknown}
 f - a potion of attraction {unknown}
 g - a potion of lignification {unknown}
 h - a potion of invisibility {unknown}
 i - 2 potions of ambrosia


   Skills:
 - Level 0.7 Short Blades
 + Level 0.1 Staves
 + Level 3.8 Dodging
 + Level 3.3 Stealth
 + Level 2.7 Spellcasting
 + Level 0.1 Conjurations
 * Level 5.0 Summonings


You couldn't memorise any spells.
You knew the following spells:

 Your Spells              Type           Power      Damage    Failure   Level
a - Summon Small Mammal   Summ           76%        N/A       2%          1
b - Call Imp              Summ           19%        N/A       3%          2
c - Summon Guardian Gole  Hex/Summ       10%        N/A       19%         3
d - Dazzling Flash        Conj/Hex       6%         N/A       47%         3

Your spell library contained the following spells:

 Spells                   Type           Power      Damage    Failure   Level
 Call Canine Familiar     Summ           19%        N/A       7%          3
 Summon Lightning Spire   Summ/Air       10%        N/A       54%         4
 Agony                    Necr           2%         N/A       99%         5
 Silence                  Hex/Air        1%         N/A       99%         5


Dungeon Overview and Level Annotations

Branches:
Dungeon (3/15)

Altars:

Shops:
D:2 [


Innate Abilities, Weirdness & Mutations

((You are very nimble when in or above water. (Stealth+, EV+, Speed+++)))
Your lower body shifts to a powerful aquatic tail in water.


Message History

Your crimson imp completely misses the gnoll.
The gnoll hits your guardian golem with a +0 whip.
Flame seeps out of your guardian golem.
The gnoll barely misses your crimson imp.
The gnoll barely misses you.
You shred the net and break free!
Your quokka barely misses the gnoll.
Your quokka bites the gnoll.
Your guardian golem is engulfed in blazing flames.
Flame seeps out of your guardian golem.
Your crimson imp blinks!
The gnoll hits your guardian golem but does no damage.
The gnoll barely misses you.
Your quokka bites the gnoll.
Are you sure you want to stumble around while confused and next to your guardian golem?
Okay, then.
Your quokka bites the gnoll.
Your guardian golem is engulfed in blazing flames.
Flame seeps out of your guardian golem.
The gnoll hits your guardian golem but does no damage.
Your quokka bites the gnoll.
The gnoll dies!
The gnoll barely misses you. The gnoll misses your quokka.
Your quokka bites the gnoll.
Are you sure you want to stumble around while confused and next to your guardian golem?
Okay, then.
Your quokka bites the gnoll.
The gnoll hits you from afar with a +0 halberd!
* * * LOW HITPOINT WARNING * * *
The gnoll hits your quokka with a +0 flail!
Your guardian golem disappears in a puff of smoke!
Your guardian golem explodes!
The fiery explosion engulfs your quokka!!
Your quokka dies!
Your quokka's corpse disappears in a puff of smoke!
The fiery explosion engulfs your crimson imp.
Your crimson imp completely resists.
The fiery explosion engulfs your quokka.
Your quokka dies!
Your quokka's corpse disappears in a puff of smoke!
The fiery explosion engulfs you!
You die...

#. ... #. #.# #. #.# #
#.##.# .# ##....###.#
..#.......
#....g....###.#.......
#...§§g.###...........
#...§§5.###.#.#.......
#...§@§..##.#...#.....
#........#.........#..
#........#.........#..
#....(.............#..
#.......#######.####..
#.......# #.# ##.
######### #.#####.
#....... #######†


You could see 2 gnolls and a friendly crimson imp (summoned, sheltered).

Vanquished Creatures
  2 adders
  An adder skeleton (D:2)
  An endoplasm (D:1)
  A giant cockroach (D:1)
  2 goblins
  2 hobgoblins (D:1)
  2 quokkas (D:2)
  A ball python (D:3)
  2 bats
  A jackal skeleton (D:2)
  A kobold (D:1)
  2 quokka zombies (D:2)
  2 rats
20 creatures vanquished.

Vanquished Creatures (collateral kills)
  A hound skeleton (D:2)
  2 gnolls (D:3)
  An adder zombie (D:2)
  An adder skeleton (D:2)
  2 worms
  A dart slug (D:3)
  4 orcs (D:3)
  4 bats
  A bat skeleton (D:2)
  4 endoplasms
  3 goblins
  5 hobgoblins
  2 jackals (D:2)
  2 kobolds
  11 ball pythons
  2 ball python skeletons (D:2)
  A frilled lizard (D:2)
  A quokka skeleton (D:2)
  2 rats (D:2)
50 creatures vanquished.

Vanquished Creatures (others)
  A withered plant (D:2)
1 creature vanquished.

Grand Total: 71 creatures vanquished

Notes
Turn   | Place    | Note
-------+----------+-------------------------------------------
     0 | D:1      | experimilk the Merfolk Summoner began the quest for the
                  | Orb.
     0 | D:1      | Reached XP level 1. HP: 13/13 MP: 3/3
   640 | D:1      | Reached XP level 2. HP: 15/19 MP: 1/5
  1072 | D:1      | Learned a level 2 spell: Call Imp
  1112 | D:1      | Found a faded altar of an unknown god.
  1826 | D:2      | Reached XP level 3. HP: 9/24 MP: 2/6
  2006 | D:2      | Learned a level 3 spell: Summon Guardian Golem
  2074 | D:2      | Found Koarosif's Antique Armour Boutique.
  3349 | D:2      | Reached XP level 4. HP: 30/30 MP: 2/7
  7235 | D:3      | Reached XP level 5. HP: 35/35 MP: 6/8
  7327 | D:3      | Learned a level 3 spell: Dazzling Flash
  7360 | D:3      | Reached skill level 5 in Summonings
  7364 | D:3      | Killed by an exploding themself... ignited by their inner
                  | flame

Illustrated notes

Levels and vault maps discovered:
D:1:      ebering_trefoil_twist, layout_basic,
          hellmonk_ecumenical_altar_inner_sanctum
D:2:      layout_loops_corners, serial_shops, shop, serial_undead,
          serial_undead_b, serial_undead_f, serial_undead_f, serial_undead_d,
          serial_undead_d, serial_undead_d, serial_undead_f, serial_undead_a,
          minmay_pentomino_v2
D:3:      minmay_wonky_spiral, layout_basic

Skill      XL: |  1  2  3  4  5 |
---------------+----------------+-----
Dodging        | 3 |  3.8
Stealth        | 3 |  3.3
Summonings     | 5 |  5.0
Short Blades   | |  0.7
Staves         | |  0.1
Spellcasting   | |  2.7
Conjurations   | |  0.1

Action                   |  1- 3 |  4- 6 || total
-------------------------+-------+-------++-------
Melee: Short sword       |    16 |       ||    16
       Unarmed           |     3 |       ||     3
       Rapier            |    23 |    22 ||    45
       Hand axe          |       |     5 ||     5
       Staff             |       |     2 ||     2
 Cast: Summon Small Mamm |    37 |    40 ||    77
       Call Imp          |    14 |    19 ||    33
       Summon Guardian G |       |     1 ||     1
  Use: Scroll            |     4 |     2 ||     6
       Potion            |       |     4 ||     4
 Stab: Sleeping          |     1 |     2 ||     3
       Distracted        |     1 |       ||     1
Armor: Robe              |    12 |    13 ||    25
Dodge: Dodged            |    51 |    46 ||    97
